 Dungeon Crawl Stone Soup version 0.25-a0-528-g6b7c99946c (webtiles) character file.

Game seed: 5418939737379694393, levelgen mode: deterministic

191 Esekla the Magician (level 5, -7/28 HPs)
             Began as a Deep Elf Wizard on Feb 19, 2020.
             Killed from afar by an orc wizard (11 damage)
             ... with a puff of frost
             ... on level 4 of the Dungeon.
             The game lasted 00:19:27 (2688 turns).

Esekla the Magician (Deep Elf Wizard)               Turns: 2688, Time: 00:19:27

Health: -7/28      AC:  3    Str:  5    XL:     5   Next: 42%
Magic:  3/15       EV: 14    Int: 23    God:
Gold:   122        SH:  0    Dex: 13    Spells: 6/16 levels left

rFire    . . .     SeeInvis .   m - +0 short sword
rCold    . . .     Gourm    .   (no shield)
rNeg     . . .     Faith    .   a - +0 robe
rPois    .         Spirit   .   b - +0 hat
rElec    .         Reflect  .   (no cloak)
rCorr    .         Harm     .   r - +0 pair of gloves
MR       .....                  (no boots)
Stlth    ++........             (no amulet)
HPRegen  0.09/turn              (no ring)
MPRegen  0.14/turn              (no ring)

@: no status effects
A: no striking features
a: no special abilities


You were on level 4 of the Dungeon.
You were very hungry.

You visited 1 branch of the dungeon, and saw 4 of its levels.

You collected 122 gold pieces.

Inventory:

Hand Weapons
 m - a +0 short sword (weapon)
Armour
 a - a +0 robe (worn)
 b - a +0 hat (worn)
 r - a +0 pair of gloves (worn)
Magical Staves
 t - an uncursed staff of earth {unknown}
Jewellery
 q - an uncursed ring of see invisible {unknown}
Wands
 p - a wand of iceblast (6)
Scrolls
 c - 3 scrolls of teleportation {unknown}
 e - 2 scrolls of noise {unknown}
 f - 5 scrolls of fog
 h - a scroll of immolation {unknown}
 l - 3 scrolls of identify {unknown}
 n - 2 scrolls of amnesia {unknown}
 s - 3 scrolls of remove curse {unknown}
Potions
 g - 2 potions of stabbing {unknown}
 i - a potion of degeneration {unknown}
 j - a potion of flight {unknown}
 k - a potion of brilliance {unknown}
 o - 5 potions of heal wounds {unknown}
Comestibles
 d - 5 rations


   Skills:
 + Level 0.5 Short Blades
 * Level 3.8 Dodging
 + Level 2.6 Stealth
 * Level 6.3 Spellcasting
 + Level 1.8 Conjurations
   Level 1.1 Summonings
 * Level 2.2 Translocations
 * Level 1.0 Air Magic
 * Level 1.1 Poison Magic


You had 6 spell levels left.
You knew the following spells:

 Your Spells              Type           Power        Failure   Level  Hunger
a - Apportation           Tloc           ###...       3%          1    None
b - Blink                 Tloc           N/A          4%          2    None
c - Mephitic Cloud        Conj/Pois/Air  ##......     14%         3    #......
d - Magic Dart            Conj           ###.         3%          1    None
f - Conjure Flame         Conj/Fire      ##......     17%         3    #......

Your spell library contained the following spells:

 Spells                   Type           Power        Failure   Level  Hunger
 Summon Small Mammal      Summ           ##..         5%          1    None
 Call Imp                 Summ           ##......     8%          2    None
 Animate Skeleton         Necr           N/A          9%          1    None
 Corona                   Hex            #......      9%          1    None
 Slow                     Hex            #.......     13%         2    None


Dungeon Overview and Level Annotations

Branches:
Dungeon (4/15)
 Temple: D:4-7

Altars:
Cheibriados


Message History

The worker ant bites you!
The orc wizard casts a cantrip, but nothing happens.
Casting: Magic Dart (safe; 3% risk of failure)
Confirm with . or Enter, or press ? or * to list all spells.
You blink.
The orc barely misses you. The orc wizard closely misses you.
You see here a thin jewelled staff.
t - a thin jewelled staff The orc wizard hits you but does no damage.
The orc wizard is no longer moving quickly.
The orc wizard hits you with a cursed -1 dagger.
The orc wizard hits you but does no damage.
The orc wizard casts a spell at you. The magic dart hits you.
The orc wizard closely misses you.
The orc wizard points at you and mumbles some strange words.
The puff of flame hits you!
* * * LOW HITPOINT WARNING * * *
The orc wizard casts a spell at you. The puff of frost hits you!
You die...

####### .# #.....# .#
#.....+ .. #.....# .###
#.....# .# . #
#.....########.#.# #.
#@.oo..........#.#
#.##....a............
###...#'###........##..
+............##########
###.#.#.####........# #
..............#####.# .
###.###...o......... #
#.....##a##.#..... #
###...####.##.#.#### #


You could see a worker ant, an orc wizard and an orc.

Vanquished Creatures
  Sigmund (D:2)
  4 adders (D:2)
  3 worms
  A dart slug (D:1)
  A leopard gecko (D:1)
  A ball python (D:1)
  2 giant cockroaches (D:1)
  5 goblins
  3 hobgoblins (D:1)
  2 jackals (D:1)
  4 bats
  3 frilled lizards
  4 kobolds
  6 rats (D:1)
40 creatures vanquished.

Notes
Turn   | Place    | Note
-------+----------+-------------------------------------------
     0 | D:1      | Esekla the Deep Elf Wizard began the quest for the Orb.
     0 | D:1      | Reached XP level 1. HP: 10/10 MP: 7/7
   447 | D:1      | Reached XP level 2. HP: 15/15 MP: 7/9
   469 | D:1      | Learned a level 2 spell: Blink
   498 | D:1      | Reached skill level 5 in Spellcasting
  1088 | D:2      | Reached XP level 3. HP: 19/19 MP: 6/11
  1171 | D:2      | Learned a level 3 spell: Mephitic Cloud
  1173 | D:2      | Learned a level 1 spell: Apportation
  1183 | D:2      | Learned a level 3 spell: Conjure Flame
  2083 | D:2      | Noticed Sigmund
  2190 | D:2      | Reached XP level 4. HP: 24/24 MP: 4/13
  2288 | D:2      | Killed Sigmund
  2288 | D:2      | Reached skill level 6 in Spellcasting
  2288 | D:2      | Reached skill level 1 in Poison Magic
  2288 | D:2      | Reached XP level 5. HP: 25/28 MP: 2/15
  2397 | D:2      | Reached skill level 1 in Air Magic
  2513 | D:3      | Found a snail-covered altar of Cheibriados.
  2688 | D:4      | Killed from afar by an orc wizard

Levels and vault maps discovered:
D:1:      minmay_arrival_solitary_statue, layout_basic
D:2:      lemuel_upstairs_altar, layout_rooms, grunt_decor_arrowhead,
          uniq_sigmund
D:3:      layout_basic, cheibriados_altar_1, uniq_natasha
D:4:      layout_basic, hangedman_decor_lopped

Skill      XL: |  1  2  3  4  5 |
---------------+----------------+-----
Spellcasting   | 5 6 |  6.3
Dodging        | 3 |  3.8
Translocations | 2 |  2.2
Poison Magic   | 1 |  1.1
Air Magic      | 1 |  1.0
Short Blades   | |  0.5
Stealth        | |  2.6
Conjurations   | |  1.8
Summonings     | |  1.1

Action                   |  1- 3 |  4- 6 || total
-------------------------+-------+-------++-------
Melee: Dagger            |    17 |       ||    17
       Short sword       |     8 |    16 ||    24
 Cast: Magic Dart        |    76 |    22 ||    98
       Blink             |     2 |     3 ||     5
       Apportation       |     6 |       ||     6
       Mephitic Cloud    |     2 |     5 ||     7
       Conjure Flame     |     2 |     2 ||     4
  Use: Scroll            |       |     1 ||     1
 Stab: Sleeping          |     2 |     1 ||     3
       Confused          |       |     1 ||     1
  Eat: Chunk             |     4 |       ||     4
Armor: Robe              |     9 |     2 ||    11
Dodge: Dodged            |    40 |    11 ||    51

Table legend:
 A = Non-vault XP
 B = Vault XP
 C = Vault XP percentage of total XP
 D = Non-vault monster count
 E = Vault monster count
 F = Vault count percentage of total count
                 A         B        C        D         E       F
            +---------+---------+-------+---------+---------+-------
      Total |     120 |     154 |  56.2 |      39 |       1 |   2.5
            +---------+---------+-------+---------+---------+-------
        D:1 |      46 |       0 |   0.0 |      27 |       0 |   0.0
        D:2 |      64 |     154 |  70.6 |      10 |       1 |   9.1
        D:3 |       5 |       0 |   0.0 |       1 |       0 |   0.0
        D:4 |       5 |       0 |   0.0 |       1 |       0 |   0.0
            +---------+---------+-------+---------+---------+-------
